Map: [ESL] Moondance

Players

Spirit (souL) - Winner!

  • Race: Terran Terran
  • League: Master
  • Spawn Location: 6:00

Nice

  • Race: Protoss Protoss
  • League: Diamond
  • Spawn Location: 12:00

Event: HomeStory Cup XXII

VOD

Have the link to the VOD?

Description

Time

  • Played on: Dec. 15, 2022, 6:11 a.m.
  • Length: 10:59

All games in this series

Show
View Real Time Build Order
Export as new Build Order

Spirit Terran - Winner!

Build Orders:  

Get SALT Encoding   

  12  0:00  SCV  
  13  0:12  SCV  
  14  0:17  Supply Depot  
  14  0:24  SCV  
  15  0:38  SCV  
  15  0:39  Barracks  
  16  0:50  SCV  
  16  0:52  Refinery  
  17  1:02  SCV  
  18  1:07  Engineering Bay  
  18  1:14  SCV  
  19  1:25  Marine  
  19  1:27  Orbital Command  
  20  1:45  Barracks Reactor  
  20  1:53  Command Center  
  20  1:58  SCV  
  21  2:05  Supply Depot  
  21  2:10  SCV  
  22  2:16  Factory  
  22  2:22  SCV  
  23  2:26  Marine x2  
  25  2:31  Bunker  
  25  2:32  Refinery  
  25  2:34  SCV  
  26  2:44  Marine x2  
  26  2:46  SCV  
  29  2:59  SCV  
  29  3:01  Starport  
  30  3:10  Hellion x2  
  34  3:15  SCV  
  34  3:16  Barracks Tech Lab  
  35  3:20  Orbital Command  
  35  3:27  SCV  
  35  3:31  Widow Mine x2  
  40  3:40  SCV, Medivac  
  43  3:46  SCV  
  43  3:47  Supply Depot  
  44  3:52  Widow Mine  
  45  3:56  SCV  
  45  3:59  Armory  
  45  4:02  SCV  
  46  4:08  SCV  
  46  4:09  Widow Mine  
  48  4:14  SCV  
  48  4:15  Supply Depot  
  48  4:16  Supply Depot  
  47  4:20  SCV, Medivac  
  47  4:21  Widow Mine  
  52  4:26  Marauder  
  54  4:35  Barracks  
  54  4:37  SCV x2, Widow Mine  
  58  4:43  Supply Depot  
  58  4:50  SCV  
  58  4:52  SCV  
  56  5:02  SCV  
  56  5:04  SCV  
  58  5:09  Marine x2  
  58  5:10  Siege Tank  
  63  5:14  Bunker, SCV  
  63  5:15  Refinery  
  63  5:16  Engineering Bay, SCV, Bunker  
  63  5:18  Barracks  
  65  5:22  Viking  
  65  5:26  SCV  
  65  5:27  Marine  
  65  5:28  Marine  
  66  5:30  Bunker  
  66  5:32  SCV  
  67  5:38  Barracks Tech Lab  
  67  5:41  SCV  
  67  5:42  Siege Tank  
  71  5:45  Marine  
  71  5:46  Marine  
  71  5:47  SCV  
  71  5:48  Refinery, Sensor Tower  
  70  5:51  Missile Turret  
  70  5:59  SCV  
  70  6:00  Stimpack  
  70  6:01  SCV  
  70  6:03  Marine x2  
  74  6:04  Supply Depot, Marine  
  74  6:10  Supply Depot  
  73  6:11  SCV  
  74  6:20  Marine  
  74  6:21  Marine  
  74  6:22  SCV  
  77  6:29  Siege Tank  
  81  6:38  Marine  
  81  6:39  Barracks Tech Lab, Marine  
  79  6:47  Supply Depot  
  79  6:48  Command Center  
  79  6:51  Terran Infantry Weapons Level 1  
  79  6:56  Marine  
  79  6:57  Marine  
  81  7:02  Combat Shield, Marauder  
  83  7:09  Starport Reactor  
  83  7:10  SCV x2  
  83  7:12  Factory Reactor  
  83  7:14  Barracks x2, Marine  
  83  7:15  Supply Depot, Marine  
  79  7:22  SCV x2  
  81  7:24  Marauder  
  83  7:31  Refinery  
  83  7:32  Missile Turret, Marine  
  83  7:34  SCV x2  
  86  7:38  Marine  
  86  7:39  Concussive Shells, Marauder  
  89  7:46  Medivac, Marauder  
  89  7:47  Medivac  
  96  7:51  SCV x2  
  96  7:52  Marine  
  96  7:54  Supply Depot  
  98  8:00  Marauder  
  98  8:01  Orbital Command  
  98  8:03  SCV x2, Marine  
  98  8:04  Marauder  
  105  8:07  Marauder  
  105  8:08  Barracks Reactor  
  105  8:10  Marine  
  108  8:15  SCV x2  
  108  8:16  Medivac  
  112  8:21  Marine  
  112  8:22  Marauder  
  112  8:25  Marauder  
  112  8:26  Medivac  
  119  8:27  SCV, Marine  
  119  8:29  SCV, Marauder  
  119  8:32  Supply Depot  
  119  8:33  Supply Depot  
  124  8:36  SCV  
  124  8:39  Marine  
  126  8:43  Marauder  
  126  8:46  Medivac  
  126  8:47  Marauder, Marine  
  133  8:55  Ghost Academy, Marine  
  133  8:56  Marauder  
  133  8:58  Command Center  
  136  9:03  Marine  
  136  9:04  Marauder  
  139  9:12  Marauder, Marine  
  139  9:13  Marine  
  142  9:17  Marauder, Marine  
  142  9:21  Marine  
  146  9:25  Engineering Bay, Ghost  
  146  9:30  Marine  
  149  9:38  Viking, Marine, Ghost x2  
  149  9:39  Supply Depot  
  149  9:42  Supply Depot  
  149  9:43  Supply Depot  
  149  9:44  Supply Depot, Widow Mine  
  157  9:45  Widow Mine  
  137  9:54  Marauder, Marine  
  137  9:56  Marine x3  
  137  9:59  Missile Turret  
  143  10:07  Marine, Ghost  
  143  10:09  SCV x2  
  143  10:10  SCV  
  143  10:11  Marine  
  149  10:16  Marauder  
  149  10:17  Medivac  
  149  10:21  SCV x2, Medivac  
  155  10:22  Marine  
  155  10:23  Refinery, Marine  
  155  10:25  SCV  
  159  10:28  Refinery  
  159  10:34  SCV  
  158  10:37  SCV  
  159  10:45  SCV  
  159  10:46  SCV  
Show
View Real Time Build Order
Export as new Build Order

Nice Protoss 

Build Orders: 1 Gate Expand, Blink Stalkers 

Get SALT Encoding   

  12  0:00  Probe  
  13  0:12  Probe  
  14  0:19  Pylon  
  14  0:24  Probe (Chrono Boost)  
  15  0:37  Gateway, Probe (Chrono Boost)  
  16  0:43  Probe  
  16  0:46  Assimilator  
  17  0:55  Probe  
  18  1:08  Probe  
  19  1:20  Probe  
  19  1:24  Cybernetics Core  
  20  1:34  Nexus  
  20  1:37  Pylon  
  20  1:44  Assimilator  
  20  1:45  Probe  
  21  1:58  Adept (Chrono Boost), Probe  
  24  2:08  Warp Gate  
  24  2:10  Probe  
  25  2:18  Stalker (Chrono Boost)  
  25  2:22  Probe  
  28  2:32  Twilight Council  
  28  2:34  Probe  
  28  2:36  Pylon  
  29  2:47  Probe (Chrono Boost)  
  29  2:50  Probe (Chrono Boost)  
  31  2:52  Robotics Facility  
  31  2:58  Probe (Chrono Boost)  
  32  3:01  Probe (Chrono Boost)  
  33  3:06  Probe  
  33  3:11  Probe  
  35  3:13  Blink (Chrono Boost)  
  35  3:18  Probe  
  36  3:23  Gateway  
  36  3:25  Probe  
  37  3:31  Gateway  
  37  3:33  Probe  
  38  3:40  Shield Battery  
  38  3:42  Shield Battery  
  38  3:44  Observer  
  38  3:46  Probe  
  38  3:56  Stalker  
  40  4:08  Probe x2  
  40  4:11  Warp Prism (Chrono Boost)  
  42  4:19  Stalker x2  
  46  4:25  Pylon  
  46  4:26  Stalker  
  46  4:30  Probe x2  
  50  4:32  Assimilator  
  50  4:33  Pylon  
  50  4:38  Pylon  
  50  4:43  Stalker x2  
  54  4:46  Probe  
  55  4:56  Probe  
  55  4:58  Probe  
  53  5:08  Probe  
  54  5:26  Stalker x2  
  58  5:31  Stalker  
  60  5:46  Nexus  
  60  5:48  Probe x2  
  62  5:57  Templar Archives  
  62  6:00  Probe x2  
  64  6:10  Charge  
  64  6:12  Probe (Chrono Boost)  
  64  6:15  Probe (Chrono Boost)  
  58  6:21  Observer (Chrono Boost)  
  58  6:23  Probe (Chrono Boost)  
  60  6:25  Probe (Chrono Boost)  
  60  6:26  Stalker  
  60  6:28  Probe (Chrono Boost)  
  60  6:31  Probe  
  63  6:38  Probe  
  62  6:44  Probe (Chrono Boost)  
  60  6:47  Stalker  
  63  6:56  Probe x2 (Chrono Boost)  
  62  7:02  Probe (Chrono Boost)  
  62  7:04  Probe (Chrono Boost)  
  62  7:06  Stalker  
  67  7:08  Probe (Chrono Boost)  
  67  7:15  Probe (Chrono Boost)  
  69  7:16  Observer, Probe (Chrono Boost)  
  69  7:20  Probe (Chrono Boost), Psionic Storm  
  69  7:22  Assimilator  
  71  7:23  Assimilator  
  71  7:25  Probe (Chrono Boost)  
  71  7:27  Probe (Chrono Boost)  
  71  7:28  Probe (Chrono Boost)  
  74  7:36  Probe  
  75  7:42  Gateway x2  
  75  7:43  Gateway  
  77  7:49  Probe x2  
  77  7:50  Probe  
  78  7:55  Observer  
  78  7:57  High Templar  
  78  8:01  Warp Prism, Probe  
  78  8:03  Probe  
  78  8:05  Probe  
  81  8:11  High Templar  
  83  8:20  High Templar  
  83  8:24  Gateway  
  83  8:26  Pylon  
  84  8:31  Pylon  
  84  8:32  High Templar  
  86  8:46  Pylon  
  86  8:50  Zealot x4  
  86  8:52  Immortal (Chrono Boost)  
  96  9:03  Zealot  
  96  9:04  Zealot  
  96  9:07  Nexus  
  100  9:10  Zealot x3  
  100  9:11  Zealot  
  106  9:18  Probe x2  
  106  9:19  Probe  
  106  9:22  Pylon  
  109  9:26  Pylon  
  109  9:27  Pylon  
  109  9:29  Pylon  
  109  9:35  Forge  
  109  9:40  Probe x2, Forge, Pylon  
  79  9:52  Pylon  
  79  9:53  Zealot  
  79  9:54  Zealot x4  
  79  9:57  High Templar x2  
  89  10:04  Immortal  
  93  10:10  Probe  
  93  10:11  Probe  
  95  10:15  High Templar x3  
  95  10:16  High Templar x2  
  105  10:25  Probe x3  
  105  10:27  Shield Battery  
  108  10:39  Archon  
  108  10:40  High Templar  
  108  10:41  Zealot  
  112  10:47  Zealot x2  
  112  10:48  Zealot x3  
Tags
 
Add a new tag
Caveats
  • Supply blocks, unpowered buildings, or Contaminate may cause inaccurate times.
  • Supply counts are checked every 10 seconds.